 Dungeon Crawl Stone Soup version 0.30.0-13-g156ef70053 (webtiles) character file.

Game seed: 17884235481244497775

1137 SnakkuSnakku7 the Shooter (level 8, 0/58 HPs)
             Began as a Djinni Fighter on May 17, 2023.
             Was an Initiate of Fedhas.
             Slain by a killer bee (6 damage)
             ... in the Ecumenical Temple.
             The game lasted 00:09:36 (5878 turns).

SnakkuSnakku7 the Shooter (Djinni Fighter)          Turns: 5878, Time: 00:09:36

Health: 0/58       AC:  8    Str: 15    XL:     8   Next: 63%
Gold:   262        EV:  9    Int: 12    God:    Fedhas [......] SH:  4 Dex: 13

rFire   + + +        a - +2 whip (venom)
rCold   x . .        c - +0 buckler
rNeg    . . .        h - +0 ring mail
rPois   ∞            z - +1 helmet
rElec   .            x - +0 cloak
rCorr   .            (no gloves)
SInv    .            (boots unavailable)
Will    .....        (no amulet)
Stlth   +            n - ring of protection from fire
HPRegen 0.29/turn    (no ring)
MPRegen 0.00/turn

%: infuse magic (-1 HP)
@: flying
A: sickness immunity, fire resistance 2, cold vulnerability 1, float, innate
caster, HP casting, extra vitality 1
a: Renounce Religion


You were in the Ecumenical Temple.
You worshipped Fedhas.
Fedhas was noncommittal.
You visited 2 branches of the dungeon, and saw 8 of its levels.

You collected 327 gold pieces.
You spent 65 gold pieces at shops.

Inventory:

Hand Weapons
 a - a +2 whip of venom (weapon)
 p - a +0 trident
 r - a +2 longbow
Missiles
 u - 7 poisoned darts (quivered)
Armour
 b - a +0 scale mail
 c - a +0 buckler (worn)
 h - a +0 ring mail (worn)
 x - a +0 cloak (worn)
 z - a +1 helmet (worn)
Jewellery
 n - a ring of protection from fire (left hand)
Wands
 k - a wand of quicksilver (9)
 m - a wand of mindburst (6)
 s - a wand of flame (21)
Scrolls
 j - 3 scrolls of immolation
 v - a scroll of butterflies
 w - a scroll of blinking
 y - a scroll of teleportation {unknown}
Potions
 d - 2 potions of might
 e - 7 potions of curing {unknown}
 f - 2 potions of ambrosia
 g - 2 potions of lignification
 i - 2 potions of brilliance {unknown}
 l - a potion of resistance
 o - a potion of flight {unknown}
 t - 2 potions of mutation


   Skills:
 - Level 3.8 Fighting
 - Level 3.2 Maces & Flails
 - Level 2.3 Polearms
 + Level 6.6 Ranged Weapons
 - Level 3.0 Armour
 - Level 3.0 Shields


You knew the following spells:

 Your Spells              Type           Power      Damage    Failure   Level
a - Apportation           Tloc           0%         N/A       63%         1
b - Poisonous Vapours     Pois/Air       0%         N/A       77%         2
c - Ensorcelled Hibernat  Hex/Ice        0%         N/A       77%         2
Your spell library was empty.

Dungeon Overview and Level Annotations

Branches:
Dungeon (7/15)             Temple (1/1) D:7

Altars:
Cheibriados
Elyvilon
Fedhas
Gozag
Hepliaklqana
Makhleb
Nemelex Xobeh
Okawaru
Ru
Uskayaw
Wu Jian
Xom
Yredelemnul
Zin

Shops:
D:3 (

Annotations:
D:3 exclusion: downstairs
D:5 2 transporters, Loveship's ghost, novice DrEE


Innate Abilities, Weirdness & Mutations

You are immune to sickness and miasma.
You are immune to poison.
Your flesh is very heat resistant. (rF++)
You are vulnerable to cold. (rC-)
You float through the air rather than walking.
You learn spells naturally, not from books.
Your magical power is your life essence.
You have superior vitality. (+4 MHP)


Message History

The killer bee stings you.
The killer bee stings you but does no damage.
The killer bee attacks as you move away!
The killer bee stings you.
The killer bee stings you but does no damage.
The killer bee barely misses you.
There is a staircase to the Ecumenical Temple here.
The killer bee barely misses you. x2; The killer bee stings you. x2
You fly downwards.
Welcome back to the Ecumenical Temple!
There is a staircase back to the Dungeon here.
Unknown command.
You hit the killer bee.
The killer bee is poisoned.
The killer bee is moderately wounded.
The killer bee stings you! The killer bee barely misses you.
The killer bee closely misses you. You block the killer bee's attack.
You hit the killer bee.
The killer bee looks as sick as possible!
The killer bee is severely wounded.
You kill the killer bee!
Fedhas appreciates your contribution to the ecosystem.
The killer bee stings you but does no damage. x2
You barely miss the killer bee. The killer bee stings you!
The killer bee stings you. The killer bee stings you.
You are too injured to fight recklessly!
You are too injured to fight recklessly!
You miss the killer bee. The killer bee stings you.
* * * LOW HITPOINT WARNING * * *
The killer bee closely misses you.
You hit the killer bee.
The killer bee is moderately wounded.
The killer bee stings you!
* * * LOW HITPOINT WARNING * * *
The killer bee stings you.
* * * LOW HITPOINT WARNING * * *
You hit the killer bee.
The killer bee is poisoned.
The killer bee is severely wounded.
The killer bee stings you.
You die...
Fedhas appreciates your contribution to the ecosystem.

##########################
................@y†......#
###'#############..#####.#
.#..#...#.._ #..'..'...#.#
.#_.#._.#.. #..#..#._.#.#
#####...#'#######..#...#.#
.#_.#...#.#..#..#.######.#
.#..###'#.#..#._#.'..._#.#
.#'##..⌠..#'##..#.#....#.#
.............##'#.#....#.#


You could see a killer bee (very poisoned).

Vanquished Creatures
  A water moccasin (D:5)
  A black bear (D:5)
  An ice beast (D:4)
  A bullfrog (D:6)
  2 scorpions
  3 killer bees
  2 jellies (D:6)
  4 hounds
  An orc priest (D:6)
  3 orc wizards
  12 adders
  A shadow imp (D:5)
  2 worms (D:4)
  2 dart slugs
  24 orcs
  7 endoplasms
  6 giant cockroaches
  4 goblins
  13 hobgoblins
  6 kobolds
  6 quokkas
  9 ball pythons
  4 bats
  6 frilled lizards
  7 rats
128 creatures vanquished.

Notes
Turn   | Place    | Note
-------+----------+-------------------------------------------
     0 | D:1      | SnakkuSnakku7 the Djinni Fighter began the quest for the
                  | Orb.
     0 | D:1      | Reached XP level 1. HP: 20/20 MP: 0/0
   125 | D:2      | Reached XP level 2. HP: 25/25 MP: 0/0
   483 | D:1      | Reached XP level 3. HP: 30/30 MP: 0/0
   483 | D:1      | Learned a level 1 spell: Apportation
  1095 | D:2      | Found a faded altar of an unknown god.
  1681 | D:3      | Found Lideik's Weapon Boutique.
  1704 | D:3      | Bought a +0 longbow for 65 gold pieces
  1725 | D:3      | Reached XP level 4. HP: 37/37 MP: 0/0
  1912 | D:3      | Reached skill level 1 in Maces & Flails
  1929 | D:3      | Found a hide-covered altar of Uskayaw.
  2126 | D:3      | Reached skill level 1 in Ranged Weapons
  2414 | D:3      | Reached XP level 5. HP: 39/41 MP: 0/0
  2414 | D:3      | Learned a level 2 spell: Poisonous Vapours
  2873 | D:4      | Reached skill level 2 in Ranged Weapons
  2912 | D:4      | Noticed an ice beast
  2972 | D:3      | Reached XP level 6. HP: 32/47 MP: 0/0
  3058 | D:4      | Found a broken altar of Ashenzari.
  3060 | D:4      | Found a hazy altar of Hepliaklqana.
  3060 | D:4      | Found a sacrificial altar of Ru.
  3062 | D:4      | Found a sacrificial altar of Ru.
  3062 | D:4      | Found a shimmering altar of Xom.
  3062 | D:4      | Found a burning altar of Makhleb.
  3157 | D:4      | Killed an ice beast
  3269 | D:4      | Identified the +2 pair of boots of Integrity {Harm rPois
                  | Will- Stlth+}
  3382 | D:4      | Reached skill level 3 in Ranged Weapons
  3382 | D:4      | Reached XP level 7. HP: 37/51 MP: 0/0
  3382 | D:4      | Learned a level 2 spell: Ensorcelled Hibernation
  4022 | D:5      | Entered Level 5 of the Dungeon
  4285 | D:5      | Found a transporter.
  4285 | D:5      | Noticed Loveship's ghost (novice DrEE)
  4313 | D:5      | Reached skill level 4 in Ranged Weapons
  4318 | D:5      | Noticed a water moccasin
  4326 | D:5      | Killed a water moccasin
  4506 | D:5      | Found a transporter.
  4714 | D:5      | Reached skill level 5 in Ranged Weapons
  4714 | D:5      | Reached XP level 8. HP: 44/58 MP: 0/0
  5088 | D:6      | Reached skill level 6 in Ranged Weapons
  5607 | D:7      | Found a staircase to the Ecumenical Temple.
  5630 | Temple   | Entered the Ecumenical Temple
  5783 | Temple   | Became a worshipper of Fedhas Madash
  5878 | Temple   | Slain by a killer bee

Illustrated notes

Levels and vault maps discovered:
D:1:      lemuel_arrival_behind_the_door_small, layout_basic, chequers_garden
D:2:      layout_loops_ring, shapermc_ecumenical_altar_notcrosses
D:3:      minmay_bubble_buster, layout_loops_cross, old_standard_altar,
          serial_shops, shop
D:4:      layout_loops_cross, doesnt_xom_only_xom
D:5:      layout_cave_pools, gammafunk_ghost_mausoleum
D:6:      layout_loops_ring
D:7:      wad_woods_stonehenge, layout_loops_corners,
          minmay_temple_entry_mini_moons, serial_park_tiny_1,
          uniq_crazy_yiuf_cottage
Temple:   bh_familiar_temple

Skill      XL: |  1  2  3  4  5  6  7  8 |
---------------+-------------------------+-----
Polearms       | 2 |  2.3
Maces & Flails | 1 2 3 |  3.2
Ranged Weapons | 1 2 3 5 6 |  6.6
Fighting       | |  3.8
Armour         | |  3.0
Shields        | |  3.0

Action                     |  1- 3 |  4- 6 |  7- 9 || total
---------------------------+-------+-------+-------++-------
  Melee: Trident           |    91 |       |       ||    91
         Whip              |    14 |   168 |   175 ||   357
  Evoke: Wand              |       |       |     8 ||     8
    Use: Scroll            |       |     5 |    12 ||    17
         Potion            |       |     2 |       ||     2
 Armour: Scale mail        |     9 |       |       ||     9
         Ring mail         |    29 |    64 |    69 ||   162
  Dodge: Dodged            |    39 |    61 |    74 ||   174
  Block: Buckler           |    23 |    25 |    25 ||    73
